 Dungeon Crawl Stone Soup version 0.21-a0-361-g4efd3f9 (webtiles) character file.

46 grizmgrazm2 the Skirmisher (level 3, -1/33 HPs)
             Began as a Minotaur Fighter on Oct 13, 2017.
             Slain by a crocodile (14 damage)
             ... on level 2 of the Dungeon.
             The game lasted 00:01:36 (425 turns).

grizmgrazm2 the Skirmisher (Minotaur Fighter)        Turns: 425, Time: 00:01:37

Health: -1/33      AC:  7    Str: 20    XL:     3   Next: 44%
Magic:  2/2        EV:  7    Int:  5    God:
Gold:   58         SH:  9    Dex: 10    Spells: 2/2 levels left

rFire    . . .     SeeInvis .   a - +0 flail
rCold    . . .     Gourm    .   c - +0 shield
rNeg     . . .     Faith    .   b - +0 scale mail
rPois    .         Spirit   .   (helmet restricted)
rElec    .         Reflect  .   (no cloak)
rCorr    .         Harm     .   (no gloves)
MR       .....                  (no boots)
Stlth    ..........             (no amulet)
HPRegen  0.11/turn              (no ring)
MPRegen  0.08/turn              (no ring)

@: no status effects
A: retaliatory headbutt, horns 2
a: no special abilities


You were on level 2 of the Dungeon.
You were not hungry.

You visited 1 branch of the dungeon, and saw 2 of its levels.

You collected 58 gold pieces.

Inventory:

Hand Weapons
 a - a +0 flail (weapon)
Armour
 b - a +0 scale mail (worn)
 c - a +0 shield (worn)
Jewellery
 j - an uncursed ring of poison resistance {unknown}
Scrolls
 g - a scroll of random uselessness {unknown}
 h - a scroll of magic mapping {unknown}
 i - a scroll of amnesia {unknown}
 k - a scroll of teleportation {unknown}
 l - a scroll of fog {unknown}
Potions
 d - a potion of might
 e - a potion of flight {unknown}
Comestibles
 f - a bread ration


   Skills:
 + Level 4.2 Fighting
 + Level 2.9 Maces & Flails
 + Level 4.2 Armour
 + Level 0.1 Dodging
 + Level 4.1 Shields


You had 2 spell levels left.
You didn't know any spells.

Dungeon Overview and Level Annotations

Branches:
Dungeon (2/15)

Altars:


Innate Abilities, Weirdness & Mutations

You reflexively headbutt those who attack you in melee.
You have a pair of horns on your head.


Message History

The dart slug launches a dart at you. The slug dart hits you!
You hit the dart slug.
The dart slug is severely wounded.
The dart slug closely misses you.
You hit the dart slug.
The dart slug is almost dead.
You block the dart slug's attack.
You sock the dart slug!
You kill the dart slug!
A kobold comes into view.
You barely miss the crocodile.
The kobold shouts!
Your headbutt misses the crocodile. The kobold hits you but does no damage.
The crocodile bites you.
You hit the crocodile.
The crocodile is lightly wounded.
You block the kobold's attack. The crocodile bites you!
The kobold hits you but does no damage. The crocodile bites you!
You die...

....### .......
.... #..... ...#
#....K .....
#..... ....#
#..... ......
#...gK##....###
.#....t@.......#
......†.###.....
.######....# .
#..<.# #....#
#.$.... #.##.###
#.. .. ### ###


You could see a crocodile, a goblin and 2 kobolds.

Vanquished Creatures
  5 dart slugs
  4 giant cockroaches (D:1)
  2 goblins (D:1)
  2 hobgoblins (D:1)
  6 jackals (D:1)
  6 bats (D:1)
  A frilled lizard (D:1)
  2 kobolds (D:1)
  5 rats
33 creatures vanquished.

Notes
Turn   | Place    | Note
-------+----------+-------------------------------------------
     0 | D:1      | grizmgrazm2 the Minotaur Fighter began the quest for the Orb.
     0 | D:1      | Reached XP level 1. HP: 19/19 MP: 0/0
    62 | D:1      | Reached XP level 2. HP: 22/27 MP: 1/1
   200 | D:1      | Reached XP level 3. HP: 30/33 MP: 2/2
   419 | D:2      | Noticed a crocodile
   425 | D:2      | Slain by a crocodile

Vault maps used:
D:1:      dpeg_arrival_chase, solitary_fountain
D:2:      marbit_many_paths, minmay_stone_trees_small, minmay_vboxes

Skill      XL: |  1  2  3 |
---------------+----------+-----
Fighting       | 4 |  4.2
Armour         | 4 |  4.2
Shields        | 4 |  4.1
Maces & Flails | |  2.9
Dodging        | |  0.1

Action                   || total
-------------------------++-------
Melee: Flail             ||    64
       Headbutt          ||     8
Armor: Scale mail        ||    44
Dodge: Dodged            ||    28
Block: Shield            ||    51

Table legend:
 A = Spawn XP
 B = Non-spawn XP
 C = Spawn XP percentage of total XP
 D = Spawn monster count
 E = Non-spawn monster count
 F = Spawn count percentage of total count
 G = Total turns spent on level
                    A         B        C        D         E        F      G
               +---------+---------+-------+---------+---------+-------+---------
         Total |       0 |      66 |   0.0 |       0 |      33 |   0.0 |   425
               +---------+---------+-------+---------+---------+-------+---------
           D:1 |       0 |      61 |   0.0 |       0 |      31 |   0.0 |   415
           D:2 |       0 |       5 |   0.0 |       0 |       2 |   0.0 |    10
               +---------+---------+-------+---------+---------+-------+---------
